 Dungeon Crawl Stone Soup version 0.24.0-125-gc4c63601f3 (webtiles) character file.

Game seed: 3096550680463822699, levelgen mode: deterministic

268 Jerry the Cudgeler (level 6, -6/32 HPs)
             Began as a Vine Stalker Fighter on Feb 27, 2020.
             Mangled by Grinder (7 damage)
             ... on level 3 of the Dungeon.
             The game lasted 00:08:42 (2282 turns).

Jerry the Cudgeler (Vine Stalker Fighter)           Turns: 2282, Time: 00:08:42

Health: -6/32      AC:  6    Str: 21    XL:     6   Next: 21%
Magic:  0/7        EV:  9    Int:  8    God:
Gold:   162        SH:  0    Dex: 13    Spells: 5/5 levels left

rFire    . . .     SeeInvis .   a - +0 flail
rCold    . . .     Gourm    .   (no shield)
rNeg     . . .     Faith    .   b - +0 scale mail
rPois    .         Spirit   +   (no helmet)
rElec    .         Reflect  .   (no cloak)
rCorr    .         Harm     .   (no gloves)
MR       .....                  (no boots)
Stlth    +.........             (no amulet)
HPRegen  0.50/turn              (no ring)
MPRegen  0.10/turn              (no ring)

@: no status effects
A: fangs 2, regeneration 1, magic shield, antimagic bite, no potion heal 3, rot
immunity
a: no special abilities


You were on level 3 of the Dungeon.
You were not hungry.

You visited 1 branch of the dungeon, and saw 3 of its levels.

You collected 162 gold pieces.

Inventory:

Hand Weapons
 a - a +0 flail (weapon)
 o - a +0 whip
Armour
 b - a +0 scale mail (worn)
 c - a +0 shield
Jewellery
 h - an uncursed amulet of harm {unknown}
Scrolls
 g - a scroll of blinking {unknown}
 k - a scroll of enchant weapon {unknown}
 m - 2 scrolls of remove curse {unknown}
 p - 2 scrolls of identify {unknown}
Potions
 d - a potion of might
 e - a potion of haste {unknown}
 i - a potion of degeneration {unknown}
 j - a potion of brilliance {unknown}
 l - a potion of flight {unknown}
 n - 2 potions of resistance {unknown}
Comestibles
 f - 5 rations
 q - 2 chunks of flesh


   Skills:
 + Level 3.3 Fighting
 * Level 4.3 Maces & Flails
 + Level 3.1 Armour
 + Level 0.4 Dodging
 * Level 2.6 Stealth
 - Level 2.6 Shields


You had 5 spell levels left.
You didn't know any spells.
Your spell library was empty.

Dungeon Overview and Level Annotations

Branches:
Dungeon (3/15)

Altars:
Makhleb
Nemelex Xobeh
Yredelemnul

Annotations:
D:3 Grinder


Innate Abilities, Weirdness & Mutations

You have extremely sharp teeth.
Your natural rate of healing is unusually fast.
When hurt, damage is shared between your health and your magic reserves.
Your bite disrupts and absorbs the magic of your enemies.
Potions cannot restore your health.
You are immune to rotting.


Message History

Grinder is severely wounded.
Grinder says, "DUCK!"
Grinder gestures at you. Pain shoots through your body!
* * * LOW HITPOINT WARNING * * *
Grinder closely misses you.
Your scale mail prevents you from hitting Grinder.
You bite Grinder, but do no damage.
Grinder is severely wounded.
Grinder barely misses you.
You barely miss Grinder.
Grinder is severely wounded.
Grinder hits you.
* * * LOW HITPOINT WARNING * * *
You writhe in agony.
* * * LOW HITPOINT WARNING * * *
You hit Grinder but do no damage. Your bite misses Grinder.
Grinder is severely wounded.
Grinder hits you!
You die...

#...## #...†..#
#+## #.# #.# #)#
#.# #.# ##.## #.#
#####...## #.#
...#.....# #.#
##.##....########5#
#.###.#..).....@.#
#..(.(.(##########
#####.### #.# #.#
#.# #.# #.# ...


You could see Grinder.

Vanquished Creatures
  An orc priest (D:2)
  3 jellies (D:2)
  3 adders (D:2)
  8 oozes (D:2)
  2 worms (D:2)
  2 dart slugs (D:1)
  2 leopard geckos
  3 orcs
  A ball python (D:1)
  11 bats
  A giant cockroach (D:1)
  5 goblins
  8 hobgoblins
  5 jackals (D:2)
  11 kobolds
  2 frilled lizards
  7 rats
75 creatures vanquished.

Vanquished Creatures (others)
  2 fungi (D:2)
  5 toadstools (D:2)
7 creatures vanquished.

Grand Total: 82 creatures vanquished

Notes
Turn   | Place    | Note
-------+----------+-------------------------------------------
     0 | D:1      | Jerry the Vine Stalker Fighter began the quest for the Orb.
     0 | D:1      | Reached XP level 1. HP: 11/11 MP: 2/2
   412 | D:1      | Reached XP level 2. HP: 16/16 MP: 3/3
   446 | D:1      | Reached skill level 1 in Stealth
   497 | D:1      | Reached skill level 2 in Maces & Flails
   872 | D:1      | Reached XP level 3. HP: 20/20 MP: 4/4
  1731 | D:2      | Gained mutation: Your natural rate of healing is unusually
                  | fast. [Vine Stalker growth]
  1731 | D:2      | Reached XP level 4. HP: 24/24 MP: 5/5
  1874 | D:2      | Reached skill level 3 in Maces & Flails
  1878 | D:2      | Reached XP level 5. HP: 24/28 MP: 4/6
  1894 | D:2      | Reached skill level 4 in Maces & Flails
  1977 | D:2      | Found a sparkling altar of Nemelex Xobeh.
  1983 | D:2      | Found a basalt altar of Yredelemnul.
  1996 | D:2      | Found a burning altar of Makhleb.
  2042 | D:2      | Reached XP level 6. HP: 32/32 MP: 7/7
  2235 | D:3      | Noticed Grinder
  2246 | D:3      | Paralysed by Grinder for 2 turns
  2281 | D:3      | HP: 1/32 [Grinder (5)]
  2282 | D:3      | Mangled by Grinder

Levels and vault maps discovered:
D:1:      denvon_arrival_waterhouse, layout_basic
D:2:      cheibrodos_fertilizer, layout_basic, minmay_overflow_temple_star_quad
D:3:      layout_loops_corners, hex_large, uniq_grinder, uniq_sigmund

Skill      XL: |  1  2  3  4  5 |
---------------+----------------+-----
Stealth        | 1 2 |  2.6
Maces & Flails | 2 3 4 |  4.3
Fighting       | 3 |  3.3
Armour         | 3 |  3.1
Dodging        | |  0.4
Shields        | |  2.6

Action                   |  1- 3 |  4- 6 || total
-------------------------+-------+-------++-------
Melee: Flail             |    99 |   115 ||   214
       Bite              |    25 |    38 ||    63
  Eat: Chunk             |     3 |     2 ||     5
Armor: Scale mail        |    52 |    59 ||   111
Dodge: Dodged            |    71 |    67 ||   138
